Map: Abyssal Reef LE

Players

SamuraiFunn - Winner!

  • Race: Protoss Protoss
  • League: Platinum
  • Spawn Location: 11:00

A.I. 1 (Elite)

  • Race: Protoss Protoss
  • Spawn Location: 5:00

VOD

Have the link to the VOD?

Description

Time

  • Played on: Nov. 26, 2017, 9:11 p.m.
  • Length: 12:41
Show
View Real Time Build Order
Export as new Build Order

SamuraiFunn Protoss - Winner!

Build Orders:  

Get SALT Encoding   

  12  0:01  Probe  
  13  0:13  Probe  
  14  0:22  Pylon  
  14  0:25  Probe  
  15  0:40  Probe  
  16  0:51  Gateway  
  16  0:52  Probe (Chrono Boost)  
  17  1:02  Probe (Chrono Boost)  
  18  1:06  Probe, Assimilator  
  19  1:13  Pylon  
  19  1:18  Probe  
  20  1:27  Gateway  
  20  1:30  Probe  
  21  1:36  Assimilator  
  21  1:40  Zealot (Chrono Boost)  
  21  1:43  Probe  
  24  1:56  Probe  
  25  2:08  Probe, Nexus  
  26  2:20  Probe  
  27  2:32  Probe  
  28  2:40  Pylon  
  28  2:44  Probe  
  29  2:55  Gateway  
  29  2:56  Probe  
  30  3:01  Cybernetics Core  
  30  3:08  Probe  
  31  3:20  Probe x2, Pylon  
  33  3:32  Probe  
  34  3:40  Warp Gate (Chrono Boost)  
  34  3:42  Zealot x3  
  34  3:44  Probe  
  34  3:45  Probe  
  42  3:50  Assimilator  
  42  3:53  Assimilator  
  42  3:56  Probe  
  42  3:57  Probe  
  44  4:08  Robotics Facility  
  44  4:10  Probe  
  44  4:11  Probe  
  44  4:14  Twilight Council  
  46  4:23  Probe x2  
  48  4:35  Probe x2  
  50  4:47  Probe x2, Nexus  
  50  4:50  Pylon  
  52  4:52  Pylon  
  52  4:58  Observer  
  52  4:59  Probe x2  
  55  5:07  Stalker x3  
  59  5:12  Probe x2  
  63  5:20  Observer  
  64  5:24  Probe x2  
  66  5:36  Probe x2  
  66  5:40  Warp Prism  
  66  5:42  Gateway  
  70  5:43  Gateway  
  70  5:47  Robotics Facility  
  70  5:49  Blink (Chrono Boost)  
  70  5:51  Probe x2  
  70  5:55  Pylon  
  72  6:01  Pylon  
  72  6:03  Probe x2  
  74  6:11  Stalker x3  
  80  6:20  Probe x3  
  83  6:35  Probe x3  
  83  6:38  Stalker x2  
  83  6:39  Stalker  
  92  6:42  Immortal x2  
  100  7:00  Probe x3  
  103  7:08  Pylon, Zealot  
  103  7:09  Stalker  
  103  7:10  Stalker  
  103  7:11  Pylon  
  103  7:15  Assimilator  
  109  7:20  Assimilator  
  109  7:21  Pylon  
  109  7:23  Pylon  
  109  7:24  Pylon  
  109  7:28  Robotics Facility  
  109  7:29  Probe x2  
  111  7:30  Robotics Facility  
  111  7:39  Immortal x2  
  119  7:46  Zealot x3  
  119  7:48  Zealot  
  119  7:49  Zealot  
  129  7:52  Charge (Chrono Boost)  
  129  8:09  Stalker x3  
  129  8:10  Stalker  
  129  8:11  Forge, Stalker  
  139  8:13  Forge  
  139  8:15  Pylon  
  139  8:16  Pylon, Immortal  
  139  8:18  Pylon  
  139  8:19  Immortal  
  145  8:38  Immortal  
  145  8:39  Immortal  
  115  9:06  Stalker x4  
  115  9:07  Stalker  
  125  9:18  Immortal x3  
  125  9:19  Immortal  
  131  9:57  Immortal x2  
  131  9:58  Immortal x2  
  147  10:13  Stalker x2  
  147  10:14  Stalker x3  
  157  10:38  Stalker  
  157  10:39  Stalker x2  
  163  10:45  Immortal x2  
Show
View Real Time Build Order
Export as new Build Order

A.I. 1 (Elite) Protoss 

Build Orders: Zealot Archon 

Get SALT Encoding   

  12  0:00  Probe  
  13  0:13  Probe  
  14  0:20  Pylon  
  14  0:25  Probe  
  15  0:38  Probe  
  16  0:48  Assimilator  
  16  0:50  Probe  
  16  0:51  Gateway  
  17  1:02  Probe, Pylon  
  18  1:14  Probe  
  19  1:26  Probe  
  20  1:38  Probe, Zealot  
  23  1:42  Gateway  
  23  1:45  Cybernetics Core  
  23  1:51  Probe  
  23  1:53  Pylon  
  24  2:03  Probe  
  24  2:06  Zealot  
  24  2:08  Assimilator  
  27  2:15  Probe  
  28  2:24  Warp Gate  
  28  2:27  Probe  
  28  2:29  Adept  
  31  2:33  Adept  
  33  2:43  Robotics Facility  
  33  2:44  Probe  
  34  2:56  Adept  
  36  3:00  Adept  
  36  3:05  Pylon  
  38  3:06  Probe  
  39  3:24  Sentry  
  41  3:27  Adept  
  41  3:31  Immortal  
  47  3:37  Pylon  
  47  3:55  Stalker x2  
  51  3:58  Pylon  
  51  4:11  Immortal  
  55  4:19  Probe, Pylon  
  56  4:29  Twilight Council  
  56  5:08  Templar Archives  
  56  5:12  Zealot  
  58  5:14  Gateway  
  58  5:19  Nexus  
  58  5:45  High Templar  
  60  5:51  High Templar  
  62  6:00  Forge  
  62  6:05  Archon, Forge  
  62  6:08  Pylon  
  62  6:09  Stalker  
  64  6:29  High Templar  
  64  6:31  Probe x2  
  68  6:41  Assimilator  
  68  6:42  Assimilator  
  68  6:43  Probe  
  68  6:44  Probe  
  70  6:55  Probe  
  70  6:57  Probe  
  70  6:58  Pylon  
  70  6:59  High Templar  
  70  7:01  Pylon  
  74  7:07  Probe, Stalker  
  77  7:09  Probe  
  77  7:11  Archon  
  78  7:19  Probe  
  78  7:21  Probe  
  78  7:22  High Templar  
  82  7:31  Probe  
  82  7:33  Probe  
  82  7:36  High Templar  
  86  7:43  Probe, Observer  
  88  7:45  Probe  
  88  7:47  Nexus, Stalker  
  91  7:54  Stalker  
  91  7:56  Probe  
  91  7:57  Probe  
  95  8:01  Pylon  
  95  8:08  Probe, Stalker  
  95  8:09  Probe, Archon  
  95  8:11  Sentry  
  101  8:20  High Templar, Probe  
  104  8:27  Pylon  
  104  8:29  Gateway  
  104  8:34  High Templar  
  104  8:39  Stalker  
  108  8:46  Pylon  
  98  8:50  Archon  
  98  8:52  Stalker  
  84  9:00  Probe x2  
  84  9:01  Probe  
  84  9:02  High Templar  
  77  9:05  Assimilator  
  77  9:06  Zealot  
  71  9:10  Assimilator  
  71  9:12  Probe  
  71  9:13  Probe  
  71  9:15  Probe, Zealot  
  76  9:22  Zealot  
  76  9:24  Probe  
  79  9:25  Probe  
  79  9:27  Probe, Stalker  
  80  9:34  Zealot  
  80  9:35  Sentry  
  80  9:36  Probe  
  80  9:37  Probe  
  77  9:39  Probe  
  77  9:43  Adept  
  65  9:48  Probe  
  65  9:49  High Templar  
  65  9:51  Probe  
  60  9:54  High Templar  
  60  9:58  Adept  
  56  10:00  Probe  
  56  10:02  Archon  
  56  10:03  Probe, Zealot  
  52  10:18  High Templar  
  50  10:22  Zealot  
  50  10:23  Adept  
  50  10:26  Stalker  
  35  10:42  High Templar  
  21  10:49  Zealot  
  21  10:50  High Templar  
  17  11:07  Probe  
  17  11:10  Zealot  
  19  11:16  High Templar  
  20  11:19  Probe  
  20  11:24  Zealot  
  18  11:35  Probe  
  16  11:44  Pylon  
Tags
 
Composition
Zealot Archon
League
Platinum
Matchup
PvP
Replay Pack
First 100 games
Spawn Locations
Cross Positions
Add a new tag
Caveats
  • Supply blocks, unpowered buildings, or Contaminate may cause inaccurate times.
  • Supply counts are checked every 10 seconds.